 Dungeon Crawl Stone Soup version 0.31-a0-431-g88bdf31460 (webtiles) character file.

Game seed: 11476420951397287918

550 CraigForest the Ruffian (level 7, -6/78 HPs)
             Began as a Yellow Draconian Shapeshifter on July 31, 2023.
             Was an Initiate of Makhleb.
             Mangled by Duvessa
             ... wielding a +0 short sword
              (13 damage)
             ... on level 4 of the Dungeon.
             The game lasted 00:14:08 (3307 turns).

CraigForest the Ruffian (DrSh)                      Turns: 3307, Time: 00:14:09

Health: -6/78      AC:  6    Str: 19    XL:     7   Next: 7%
Magic:  7/7        EV: 12    Int:  8    God:    Makhleb [......]
Gold:   208        SH:  0    Dex: 12    Spells: 5/6 levels left

rFire   . .          .
                       - Unarmed
rCold   . . .        (no shield)
rNeg    . . .        (body armour unavailable)
rPois   .            (helmet currently unavailable)
rElec   .            (cloak currently unavailable)
rCorr   +            (gloves currently unavailable)
SInv    .            (boots currently unavailable)
Will    .....        (no amulet) Stlth
                     (no ring)
HPRegen 0.33/turn    (no ring)
MPRegen 0.10/turn

%: no passive effects
@: berserking, beast-form, very quick
A: beast (slay +3), spit acid, AC +6, unfitting armour, cold-blooded, acid
resistance
a: Breathe Acid, Begin Untransformation, Renounce Religion


You were on level 4 of the Dungeon.
You worshipped Makhleb.
Makhleb was noncommittal.
You were a hulking beast.
You visited 2 branches of the dungeon, and saw 6 of its levels.

You collected 208 gold pieces.

Inventory:

Missiles
 k - 3 atropa-tipped darts (quivered)
Armour
 g - a +0 pair of boots
 j - a +0 pair of gloves
Talismans
 b - a beast talisman (active)
Scrolls
 c - a scroll of revelation
 e - a scroll of summoning {unknown}
 n - a scroll of fog {unknown}
 o - a scroll of teleportation
Potions
 a - 2 potions of lignification
 d - 2 potions of might {unknown}
 f - 2 potions of curing {unknown}
 h - a potion of attraction {unknown}
 i - a potion of degeneration {unknown}
 l - 4 potions of ambrosia
 m - a potion of berserk rage


   Skills:
 + Level 1.3 Fighting
 + Level 3.0 Dodging
 + Level 1.0 Stealth
 + Level 6.1 Unarmed Combat
 + Level 4.6 Shapeshifting


You had 5 spell levels left.
You knew the following spells:

 Your Spells              Type           Power      Damage    Failure   Level
a - Necrotise             Necr           0%         1d4       41%         1

Your spell library contained the following spells:

 Spells                   Type           Power      Damage    Failure   Level
 Wereblood                Tmut           0%         N/A       54%         2
 Vampiric Draining        Necr           0%         2d6       78%         3
 Agony                    Necr           0%         N/A       100%        5
 Irradiate                Conj/Tmut      0%         3d11      100%        5


Dungeon Overview and Level Annotations

Branches:
Dungeon (5/15)             Temple (1/1) D:4

Altars:
Ashenzari
Dithmenos
Gozag
Makhleb
Vehumet
Wu Jian

Shops:
D:1 (   D:2 (

Annotations:
D:4 Duvessa


Innate Abilities, Weirdness & Mutations

You are a hulking beast.
Your limbs bulge with bestial killing power. (Slay +3)
You can spit globs of acid.
Your golden yellow scales are hard. (AC +6)
You cannot fit into any form of body armour.
You are cold-blooded and may be slowed by cold attacks.
You are resistant to acid. (rCorr)


Message History

Duvessa hits you but does no damage. The orc closely misses you.
A mysterious force pulls you upwards. The hatch slams shut behind you.
Throw: 5 darts (atropa)
Press: ? - help, Q - select action, (/) - cycle Shift-Dir - straight line You throw an atropa-tipped dart.
The atropa-tipped dart hits Duvessa.
Duvessa resists.
Duvessa barely misses you. The orc hits you but does no damage.
Duvessa closely misses you.
Throw: 4 darts (atropa)
Press: ? - help, Q - select action, (/) - cycle Shift-Dir - straight line You throw an atropa-tipped dart.
The atropa-tipped dart hits Duvessa.
Duvessa appears confused.
Duvessa seems less confused.
Duvessa closely misses you. The orc completely misses you.
You hit Duvessa but do no damage.
Your tail-slap misses Duvessa.
Duvessa barely misses you. The orc hits you with a +0 club.
You hit Duvessa but do no damage. Duvessa hits you with a +0 short sword.
Duvessa hits you with a +0 short sword!
* * * LOW HITPOINT WARNING * * *
The orc closely misses you.
You punch Duvessa!
Duvessa is moderately wounded.
Duvessa hits you with a +0 short sword.
* * * LOW HITPOINT WARNING * * *
The orc barely misses you.
You hit Duvessa.
Duvessa is moderately wounded.
Duvessa is no longer blind.
Duvessa hits you with a +0 short sword.
* * * LOW HITPOINT WARNING * * *
A red film seems to cover your vision as you go berserk!
You feel yourself moving faster!
You feel mighty! Duvessa barely misses you. The orc closely misses you.
Duvessa barely misses you.
You punch Duvessa!
Duvessa is heavily wounded.
The orc barely misses you. Duvessa hits you with a +0 short sword.
* * * LOW HITPOINT WARNING * * *
You punch Duvessa!
Duvessa is severely wounded.
Duvessa hits you with a +0 short sword!
You die...

#..........####.............#####
##...##.....##..)................
##########.##..)...........#####
#.##...........>..#
#.................#####
#......................
#................#.....
#.....o................
#######....eh.####.#.........
#..>....##.##................
#.......##...#####...........
#.......####.# ##..........
#........###.######..)....###
#................###.........
#####.###........# #.........
#..##........####........
##.##.....?...####.......


You could see Duvessa (berserk) and an orc.

Vanquished Creatures
  Sigmund (D:3)
  An ogre (D:4)
  A phantom (D:5)
  Dowan (D:5)
  4 gnolls
  5 adders
  A shadow imp (D:5)
  4 worms
  2 dart slugs
  An orc (D:4)
  7 ball pythons
  6 endoplasms
  3 giant cockroaches
  11 goblins
  11 hobgoblins
  4 quokkas
  6 bats
  3 frilled lizards
  10 kobolds
  4 rats
86 creatures vanquished.

Notes
Turn   | Place    | Note
-------+----------+-------------------------------------------
     0 | D:1      | CraigForest the Draconian Shapeshifter began the quest for
                  | the Orb.
     0 | D:1      | Reached XP level 1. HP: 16/16 MP: 1/1
    50 | D:1      | Found Nuuleuzy's Weapon Boutique.
    68 | D:1      | Reached XP level 2. HP: 23/23 MP: 2/2
    70 | D:1      | Learned a level 1 spell: Necrotise
    71 | D:1      | Found a faded altar of an unknown god.
   942 | D:1      | Reached XP level 3. HP: 28/28 MP: 3/3
  1298 | D:2      | Found an opulent altar of Gozag.
  1351 | D:2      | Found a transporter.
  1353 | D:2      | Found Fagig's Antique Weapon Shoppe.
  1355 | D:2      | Found a transporter.
  1464 | D:2      | Reached XP level 4. HP: 35/35 MP: 4/4
  1469 | D:2      | Reached skill level 4 in Unarmed Combat
  1758 | D:3      | Noticed Sigmund
  1785 | D:3      | Killed Sigmund
  1786 | D:3      | Reached XP level 5. HP: 26/40 MP: 5/5
  1787 | D:3      | Reached skill level 5 in Unarmed Combat
  2338 | D:4      | Noticed an ogre
  2346 | D:4      | Killed an ogre
  2347 | D:4      | Reached XP level 6. HP: 47/47 MP: 6/6
  2510 | D:4      | Found a staircase to the Ecumenical Temple.
  2517 | Temple   | Entered the Ecumenical Temple
  2584 | Temple   | Became a worshipper of Makhleb the Destroyer
  2956 | D:5      | Entered Level 5 of the Dungeon
  3025 | D:5      | Noticed Dowan
  3059 | D:5      | Reached skill level 1 in Stealth
  3075 | D:4      | Reached skill level 6 in Unarmed Combat
  3200 | D:5      | Killed Dowan
  3201 | D:5      | Your scales start taking on a golden yellow colour.
  3201 | D:5      | Reached XP level 7. HP: 47/52 MP: 7/7
  3201 | D:5      | Gained mutation: You are resistant to acid. (rCorr) [Yellow
                  | Draconian growth]
  3293 | D:5      | Noticed Duvessa
  3307 | D:4      | Mangled by Duvessa

Illustrated notes

Levels and vault maps discovered:
D:1:      heliophobic_arrival_battle_scene, layout_basic,
          hellmonk_ecumenical_altar_blasted, serial_shops, shop
D:2:      layout_rooms, basic_altar, serial_shops, nicolae_shop_drivethru
D:3:      layout_loops_ring, uniq_sigmund
D:4:      layout_rooms, minmay_temple_entry_trees, serial_glass,
          glass_columns_b, glass_columns_b, glass_columns_b, glass_columns_a,
          minmay_misc_feat_square
D:5:      layout_rooms, dreamdust_divine_triumvirate, uniq_crazy_yiuf_cottage,
          uniq_duvessa
Temple:   nicolae_temple_superstar

Skill      XL: |  1  2  3  4  5  6 |
---------------+-------------------+-----
Dodging        | 2 3 |  3.0
Unarmed Combat | 4 5 6 |  6.1
Shapeshifting  | 4 |  4.6
Stealth        | 1 |  1.0
Fighting       | |  1.3

Action                     |  1- 3 |  4- 6 |  7- 9 || total
---------------------------+-------+-------+-------++-------
  Melee: Unarmed           |   107 |   128 |     6 ||   241
         Tailslap          |    13 |    19 |       ||    32
         Punch             |     1 |     4 |       ||     5
  Throw: Dart              |       |     2 |     2 ||     4
    Use: Scroll            |       |     8 |       ||     8
         Potion            |       |     1 |     1 ||     2
   Stab: Sleeping          |       |     1 |       ||     1
 Armour: Skin              |    32 |    35 |     2 ||    69
  Dodge: Dodged            |    57 |    71 |    12 ||   140

Table legend: (Time is in decaauts)
 A = Elapsed time spent in this place.
 B = Non-inter-level travel time spent in this place.
 C = Inter-level travel time spent in this place.
 D = Time resting spent in this place.
 E = Time spent auto-exploring this place.
 F = Levels seen in this place.
 G = Mean time per level.
                   A        B        C        D        E       F      G
               +--------+--------+--------+--------+--------+-----+--------+
         Total |   3275 |   2875 |    400 |      0 |   2250 |   6 |  545.8 |
       Dungeon |   3194 |   2870 |    324 |      0 |   2250 |   5 |  638.8 |
        Temple |     80 |      4 |     76 |      0 |      0 |   1 |   80.0 |
               +--------+--------+--------+--------+--------+-----+--------+

Top non-repeatable levels by time:
     D:1: 1040 daAuts
     D:4: 669 daAuts
     D:3: 659 daAuts
     D:2: 613 daAuts
     D:5: 211 daAuts
  Temple: 80 daAuts
